 Seeded DCSS version 0.28.0 (webtiles) character file.

Game seed: 10379525442082979767 (custom seed)

305 hikkokomori the Bolt Thrower (level 6, -11/48 HPs)
             Began as a Formicid Hunter on Feb 16, 2022.
             Mangled by Edmund (13 damage)
             ... on level 4 of the Dungeon.
             The game lasted 00:06:51 (3313 turns).

hikkokomori the Bolt Thrower (Formicid Hunter)      Turns: 3313, Time: 00:06:51

Health: -11/48     AC:  3    Str: 19    XL:     6   Next: 66%
Magic:  6/6        EV: 11    Int: 10    God:
Gold:   53         SH:  0    Dex: 11    Spells: 5/5 levels left

rFire   . . .      SeeInvis +   a - +1 hand crossbow (vorpal)
rCold   . . .      Faith    .   (no shield)
rNeg    . . .      Spirit   .   c - +0 leather armour
rPois   .          Reflect  .   (helmet unavailable)
rElec   .          Harm     .   (no cloak)
rCorr   .          Rampage  .   (no gloves)
Will    .....                   (no boots)
Stlth   ++........              (no amulet)
HPRegen 0.16/turn               (no ring)
MPRegen 0.10/turn               (no ring)

@: lethally poisoned (-11 -> -24)
A: permanent stasis, dig shafts and tunnels, antennae 3, four strong arms
a: Dig, Shaft Self


You were on level 4 of the Dungeon.
You visited 1 branch of the dungeon, and saw 4 of its levels.

You collected 53 gold pieces.

Inventory:

Hand Weapons
 a - a +1 vorpal hand crossbow (weapon)
 b - a +0 short sword
 l - a +0 quarterstaff
Missiles
 d - 11 bolts (quivered ammo)
 i - 32 stones
Armour
 c - a +0 leather armour (worn)
 j - a +0 chain mail
Scrolls
 g - a scroll of identify {unknown}
 h - a scroll of teleportation
 k - a scroll of magic mapping {unknown}
 n - a scroll of blinking {unknown}
 o - a scroll of torment {unknown}
Potions
 e - a potion of degeneration {unknown}
 m - a potion of brilliance {unknown}


   Skills:
 + Level 4.2 Fighting
 + Level 1.9 Staves
 + Level 5.2 Crossbows
 - Level 1.7 Dodging
 + Level 4.3 Stealth


You had 5 spell levels left.
You didn't know any spells.
Your spell library contained the following spells:

 Spells                   Type           Power      Damage    Failure   Level
 Static Discharge         Conj/Air       0%         N/A       56%         2
 Dispel Undead            Necr           0%         3d6       99%         4
 Sticky Flame             Conj/Fire      0%         2d3       99%         4


Dungeon Overview and Level Annotations

Branches:
Dungeon (4/15)
 Temple: D:4-7

Altars:

Shops:
D:3 ?

Annotations:
D:4 Edmund


Innate Abilities, Weirdness & Mutations

You cannot be hasted, slowed, berserked, paralysed or teleported.
You can dig through walls and to a lower floor.
You have a pair of large antennae on your head. (SInv)
Your four strong arms can wield two-handed weapons with a shield.


Message History

You are more poisoned.
You shoot a bolt. The bolt hits Edmund.
Edmund is moderately wounded.
You feel very sick. Edmund barely misses you.
Fire: 15 bolts
Press: ? - help, Q - select action, (/) - cycle Shift-Dir - straight line, f/p - Edmund
Aim: Edmund, wielding a +1 flail of venom and wearing a +0 chain mail (moderately wounded, 72% to hit)
You shoot a bolt. The bolt barely misses Edmund.
You feel very sick. Edmund barely misses you.
Unknown command.
Fire: 14 bolts
Press: ? - help, Q - select action, (/) - cycle Shift-Dir - straight line, f/p - Edmund
Aim: Edmund, wielding a +1 flail of venom and wearing a +0 chain mail (moderately wounded, 72% to hit)
You shoot a bolt.
The bolt hits Edmund but does no damage.
Edmund is moderately wounded.
You feel very sick. Edmund closely misses you.
Edmund hits you with a +1 flail of venom.
* * * LOW HITPOINT WARNING * * *
You are lethally poisoned!
Fire: 13 bolts
Press: ? - help, Q - select action, (/) - cycle Shift-Dir - straight line, f/p - Edmund
Aim: Edmund, wielding a +1 flail of venom and wearing a +0 chain mail (moderately wounded, 72% to hit)
You shoot a bolt. The bolt hits Edmund!
Edmund is severely wounded.
* * * LOW HITPOINT WARNING * * *
You feel very sick. Edmund closely misses you.
Fire: 12 bolts
Press: ? - help, Q - select action, (/) - cycle Shift-Dir - straight line, f/p - Edmund
Aim: Edmund, wielding a +1 flail of venom and wearing a +0 chain mail (severely wounded, 72% to hit)
You shoot a bolt. The bolt hits Edmund!
Edmund is almost dead.
* * * LOW HITPOINT WARNING * * *
You feel very sick.
Edmund hits you with a +1 flail of venom!
You die...

#... #(.......
#... #...(..≈...
#... #...(≈≈.≈≈..
##..
#....≈.§.§(...###.
#...≈§.§|§≈...# ##
#(...≈..(§....# #
#@...≈≈.§§....# #
#@.....≈§.....# ##
#.............###.
#.............##..
#....(........###.
#######'##########
#............
#############


You could see Edmund.

Vanquished Creatures
  Sigmund (D:3)
  An iguana (D:4)
  4 gnolls (D:3)
  3 adders
  A worm (D:3)
  3 dart slugs
  An endoplasm (D:3)
  4 giant cockroaches
  3 goblins
  2 hobgoblins
  2 quokkas
  7 ball pythons
  9 bats
  4 frilled lizards
  7 kobolds
  3 rats
55 creatures vanquished.

Notes
Turn   | Place    | Note
-------+----------+-------------------------------------------
     0 | D:1      | hikkokomori the Formicid Hunter began the quest for the
                  | Orb.
     0 | D:1      | Reached XP level 1. HP: 16/16 MP: 1/1
   143 | D:1      | Reached XP level 2. HP: 23/23 MP: 2/2
   622 | D:2      | Reached XP level 3. HP: 17/28 MP: 3/3
  1506 | D:2      | Reached XP level 4. HP: 16/35 MP: 4/4
  2157 | D:3      | Found Vynolin's Magic Scroll Boutique.
  2317 | D:3      | Noticed Sigmund
  2336 | D:3      | Killed Sigmund
  2337 | D:3      | Reached skill level 1 in Staves
  2337 | D:3      | Reached skill level 5 in Crossbows
  2337 | D:3      | Reached XP level 5. HP: 24/42 MP: 5/5
  2337 | D:3      | Reached XP level 6. HP: 27/48 MP: 6/6
  2562 | D:3      | Found a faded altar of an unknown god.
  3298 | D:4      | Noticed Edmund
  3313 | D:4      | HP: 2/48 [poisoned by Edmund]
  3313 | D:4      | Mangled by Edmund

Illustrated notes

Levels and vault maps discovered:
D:1:      minmay_arrival_arboretum_small, layout_basic
D:2:      layout_basic
D:3:      layout_loops_cross, serial_shops, nicolae_shop_hallway_stairs,
          ebering_ecumenical_altar_ruins, uniq_sigmund
D:4:      layout_loops_corners, kennysheep_generic_room_2, uniq_blork_the_orc,
          uniq_edmund, uniq_robin

Skill      XL: |  1  2  3  4 |
---------------+-------------+-----
Stealth        | 2 4 |  4.3
Fighting       | 3 4 |  4.2
Staves         | 1 |  1.9
Crossbows      | 5 |  5.2
Dodging        | |  1.7

Action                   |  1- 3 |  4- 6 || total
-------------------------+-------+-------++-------
Melee: Short sword       |    67 |     2 ||    69
       Quarterstaff      |       |    27 ||    27
 Fire: Hand crossbow     |    27 |    53 ||    80
  Use: Scroll            |     3 |       ||     3
       Potion            |       |     2 ||     2
 Stab: Sleeping          |       |     4 ||     4
Armor: Leather armour    |    32 |     6 ||    38
Dodge: Dodged            |    53 |    31 ||    84
